Unix NetHack Version 5.0.0-0 post-release - last build Jun 10 2026 00:39:30 (3ee93aec679c4c4259841fe613dc97188e26a321,branch:main).

Game began 2026-06-23 08:37:42, ended 2026-07-11 09:31:10.

LDaviesPeters, neutral female human Archeologist

                           `..*."...........).........1.. ............. .....
                                                    3   . .       .     .   .
                                                    .Y. ... `.... ..`...[ ...
                                                      .     .     % .     .
                      ---                           .....H. . ..... . ... ...
                     ...----------         ------         g . .   . .   .   .
                     -....^......--------  |...3#   .2.D. . . . ... <.... *.`
                     |.......q..)%%.%%`.|---...%--- .   . E . .   .     . . .
                     -----------------..%..!)--.12-@. hX@ Y . ... ..... . . .
                      ..........[...^...|---...4---   A @ f .   .     .   .
                      .......[...--------  |....#   ` HH. D ^.` . ..... ...
                       .----------         ------   . g   .   . .     . .
                                                    HL` * O.... ..... . ....`
                                                    .   . h     .   . .     .
                                                    . ..x.. ... ` ... .......
                                                    %       . .   .         .
  `%..............................................).`.).).... .....         .

LDaviesPeters the Speleologist  St:25 Dx:17 Co:18 In:14 Wi:18 Ch:13  Neutral
Dlvl:37 $:382 HP:0(249) Pw:136(136) AC:-22 Xp:24 T:61675 

Latest messages:
 A boulder misses you.
 The invisible arch-lich appears next to you!
 The invisible arch-lich touches you!
 The invisible arch-lich casts a spell!
 Monsters appear from nowhere!
 The invisible arch-lich vanishes and reappears close by.
 You hear some noises.
 You hit the invisible arch-lich!
 You hit the invisible arch-lich!
 The winged gargoyle attacks a spot beside you.
 You hear a chugging sound.
 The xorn misses!
 The xorn misses!
 The xorn misses!
 The xorn just misses!
 The storm giant zaps a wand of striking!
 The wand hits the ettin!
 The wand misses the invisible arch-lich.
 The boulder hits the winged gargoyle!
 The displacer beast moves the invisible stalker out of its way!
 The ettin hits!
 The ettin hits again!
 The elf-lady swings her runed broadsword.
 The elf-lady just misses!
 The elf-lady swings her runed broadsword.
 The elf-lady misses!
 What do you want to zap? [cehipsX or ?*] ?
 In what direction? >
 KADOOM!  The boulder falls in!
 The winged gargoyle strikes at thin air!
 The xorn misses!
 The xorn misses!
 The xorn just misses!
 The xorn misses!
 The storm giant drinks a potion of full healing!
 The storm giant looks completely healed.
 The displacer beast moves the carnivorous ape out of its way!
 The ettin hits!
 The ettin misses!
 A wave of psychic energy pours over you!
 It locks on to your telepathy!
 You hear the howling of the CwnAnnwn...
 The elf-lady swings her runed broadsword.
 The elf-lady hits!
 You die...
 Do you want your possessions identified? [ynq] (y) y
 Do you want to see your attributes? [ynq] (y) y
 Do you want an account of creatures vanquished? [ynaq] (y) n
 Do you want to see your conduct and achievements? [ynq] (y) y
 Do you want to see the dungeon overview? [ynq] (y) n

Inventory:
 Coins    ('$')
  $ - 382 gold pieces
 Amulets  ('"')
  P - an uncursed amulet of guarding (being worn)
 Weapons  (')')
  y - a blessed +5 elven dagger (at the ready)
  Y - 5 blessed +2 elven daggers
  E - the blessed +6 Grayswandir (weapon in right hand)
 Armor    ('[')
  I - an uncursed +0 helm of caution (being worn)
  S - a blessed rustproof +4 pair of gauntlets of power (being worn)
  W - an uncursed fireproof +0 pair of jumping boots (being worn)
  F - an uncursed +0 shield of reflection (being worn)
  A - a blessed fireproof +3 robe (being worn)
  Q - a blessed +4 Hawaiian shirt with an orchid motif (being worn)
  x - a blessed greased rotproof +4 set of gray dragon scales (being worn)
 Comestibles  ('%')
  Z - an uncursed K-ration
  M - an uncursed lizard corpse
 Scrolls  ('?')
  m - an uncursed scroll of teleportation
 Rings    ('=')
  v - an uncursed ring of free action (on right hand)
  D - an uncursed ring of teleport control (on left hand)
 Wands    ('/')
  X - a wand of cancellation (0:3)
  c - a wand of digging (0:2)
  e - a wand of lightning (0:6)
  p - a wand of magic missile (0:6)
  h - a wand of polymorph (0:4)
  i - a wand of sleep (0:5)
  s - a wand of teleportation (0:2)
 Tools    ('(')
  b - a blessed bag of holding containing 69 items
  G - an uncursed oilskin sack containing 2 items
  C - the blessed Bell of Opening (0:2)
  B - an uncursed blindfold
  l - an uncursed magic lamp (lit)
  J - the blessed Orb of Detection (0:5)
  k - an uncursed skeleton key
  u - a blessed +0 unicorn horn
 Gems/Stones  ('*')
  t - an uncursed chrysoberyl stone
  n - a cursed emerald
  q - an uncursed opal
  R - a blessed luckstone
  g - an uncursed touchstone

Contents of the bag of holding:
  7322 gold pieces
  an uncursed amulet of life saving
  an uncursed amulet of life saving
  14 blessed +2 elven daggers
  the rustproof +0 Magicbane
  the blessed rustproof +4 Dragonbane
  a blessed +5 silver saber
  an uncursed +0 pair of speed boots
  an uncursed +0 pair of water walking boots
  a blessed +0 mummy wrapping
  an uncursed slime mold
  7 uncursed C-rations
  3 uncursed cloves of garlic
  3 uncursed food rations
  3 uncursed lembas wafers
  an uncursed sprig of wolfsbane
  2 blessed scrolls of blank paper
  an uncursed scroll of blank paper
  an uncursed scroll of blank paper
  an uncursed scroll of blank paper
  2 blessed scrolls of create monster
  a cursed scroll of remove curse
  a blessed scroll of taming
  8 uncursed scrolls of teleportation
  3 cursed scrolls of teleportation
  an uncursed potion of extra healing
  an uncursed potion of gain level
  an uncursed potion of invisibility
  an uncursed potion of sleeping
  3 potions of holy water
  an uncursed +2 ring of increase damage
  an uncursed ring of polymorph
  an uncursed ring of polymorph control
  an uncursed -1 ring of protection
  an uncursed ring of regeneration
  an uncursed ring of shock resistance
  a wand of cold (0:6)
  a wand of cold (0:5)
  a cursed wand of death (0:0)
  a blessed wand of digging (0:4)
  a wand of digging (0:7)
  a wand of digging (0:6)
  a wand of fire (0:0)
  a wand of polymorph (0:7)
  a wand of secret door detection (0:12)
  a wand of slow monster (0:8)
  a wand of stasis (0:5)
  a wand of stasis (0:3)
  a wand of stasis (0:2)
  a wand of striking (0:8)
  a wand of striking (0:7)
  a wand of teleportation (0:8)
  a wand of teleportation (0:7)
  a wand of teleportation (0:6)
  a wand of teleportation (0:0)
  a wand of teleportation (0:0)
  a wand of wishing (0:1)
  a blessed expensive camera (0:36)
  a magic marker (0:22)
  a +0 pick-axe
  an uncursed stethoscope
  a tinning kit (0:77)
  an uncursed amber stone
  an uncursed aquamarine stone
  2 uncursed citrine stones
  3 uncursed jasper stones
  an uncursed ruby
  an uncursed topaz stone
  an uncursed turquoise stone

Contents of the oilskin sack:
  a potion of holy water
  a wand of cancellation (0:8)

LDaviesPeters the Archeologist's attributes:

Background:
 You were a Speleologist, a level 24 female human Archeologist.
 You were neutral, on a mission for Camaxtli
 who was opposed by Quetzalcoatl (lawful) and Huhetotl (chaotic).
 You were right-handed.
 You were in Gehennom, on level 37.
 You entered the dungeon 61675 turns ago.
 You had 40802566 experience points, 9197434 more were needed for level 25.

Basics:
 You had 0 out of 249 hit points.
 You had all 136 energy points (spell power).
 Your armor class was -22.
 Your wallet contained 382 zorkmids, and
 you had 7322 more stashed away in your pack.
 Autopickup was off.

Final Characteristics:
 Your strength was 25 (base:18/42, innate limit:18/100).
 Your dexterity was 17 (peak:18, limit:18).
 Your constitution was 18 (limit:18).
 Your intelligence was 14 (peak:18, limit:18).
 Your wisdom was 18 (limit:18).
 Your charisma was 13 (limit:18).

Final Status:
 You weren't hungry.
 You were unencumbered.
 You were wielding a saber.
 You were skilled in saber.

Final Attributes:
 You were piously aligned.
 You were magic-protected.
 You were fire resistant.
 You were cold resistant.
 You were sleep resistant.
 You were disintegration resistant.
 You were shock resistant.
 You were poison resistant.
 You resisted hallucinations.
 You saw invisible.
 You were telepathic.
 You were warned.
 You had automatic searching.
 You were invisible to others.
 You were stealthy.
 You could jump.
 You had teleport control.
 You had a moderate defense bonus (+7).
 You were protected.
 You took half spell damage.
 Your spell casting was enhanced by wearing a robe.
 You were fast.
 You had reflection.
 You had free action.
 You were very lucky.
 You had extra luck.
 Good luck did not time out for you.
 You are dead.

Miscellaneous:
 You encountered 1 bones level.
 Total elapsed playing time was 1 day, 32 minutes and 6 seconds.

Major events:
 Turn
    1: LDaviesPeters the neutral female human Archeologist entered the dungeon
  639: entered the Gnomish Mines
  888: attained the rank of Field Worker (level 3)
 4374: attained the rank of Investigator (level 6)
 6521: reached Mine Town
13546: was bestowed with Dragonbane by Camaxtli
14432: was bestowed with Magicbane by Camaxtli
15858: attained the rank of Exhumer (level 10)
18825: made her first wish - "blessed greased fixed +3 gray dragon scale mail", got "a greased gray dragon scale mail"
19214: acquired the Mines' End luckstone
20544: entered Sokoban
20798: completed 1st Sokoban level
21377: completed 2nd Sokoban level
21644: completed 3rd Sokoban level
22882: completed 4th Sokoban level
24071: made her first artifact wish - "blessed fixed +3 Grayswandir", got "a silver saber named Grayswandir"
25255: found Sting on the floor
26961: entered Home 1, the Quest
39412: attained the rank of Excavator (level 14)
39450: Lord Carnarvon has granted access to proceed deeper into the quest
39504: entered Home 2, the Quest
39923: entered Home 3, the Quest
40719: entered Home 4, the Quest
41274: entered Home 5, the Quest
41666: entered Home 6, the Quest
42023: found the Orb of Detection on the floor
42048: killed the Minion of Huhetotl
42050: acquired the Bell of Opening
43552: killed Medusa
49551: entered Gehennom
50150: attained the rank of Spelunker (level 18)
60195: attained the rank of Speleologist (level 22)
61661: bribed Baalzebub with 114 zorkmids for safe passage
61675: killed by an elf-lady

Spells:
 Name                 Level Category     Fail Retention
 dig                    5   matter       100%    (gone)
 light                  1   divination    87%    (gone)
 drain life             2   attack        87%    (gone)
 knock                  1   matter        87%   26%-50%
 healing                1   healing       87%    (gone)
 wizard lock            2   matter        87%    (gone)
 chain lightning        2   attack        87%    (gone)
 identify               3   divination    87%    (gone)
 polymorph              6   matter       100%    (gone)
 cause fear             3   enchantment   90%   26%-50%
 protection             1   clerical      87%   51%-75%
 cure sickness          3   healing       90%    (gone)
 cure blindness         2   healing       87%    (gone)
 jumping                1   escape        87%    (gone)
 detect food            2   divination    87%    (gone)
 cancellation           7   matter       100%   26%-50%
 magic mapping          5   divination    51%    (gone)

Skills:
 Fighting Skills
   bare handed combat [Unskilled]
   two weapon combat  [Basic]
   riding             [Unskilled]
 Weapon Skills
   dagger             [Unskilled]
   knife              [Unskilled]
   pick-axe           [Basic]
   short sword        [Unskilled]
   broadsword         [Basic]
   saber              [Skilled]
   club               [Unskilled]
   quarterstaff       [Unskilled]
   sling              [Unskilled]
   dart               [Unskilled]
   boomerang          [Unskilled]
   whip               [Expert]
   unicorn horn       [Unskilled]
 Spellcasting Skills
   attack spells      [Unskilled]
   healing spells     [Unskilled]
   divination spells  [Skilled]
   matter spells      [Unskilled]

Voluntary challenges:
 Character rerolling was not enabled.
 You never genocided any monsters.
 You never polymorphed an object.
 You used 2 wishes (1 for an artifact).
 You violated the special Sokoban rules 4 times.
Achievements:
 You entered the Gnomish Mines.
 You attained the rank of Field Worker.
 You entered a shop.
 You attained the rank of Investigator.
 You entered Minetown.
 You attained the rank of Exhumer.
 You completed the Gnomish Mines.
 You entered Sokoban.
 You entered a temple.
 You attained the rank of Excavator.
 You had the Bell of Opening.
 You defeated Medusa.
 You entered Gehennom.
 You attained the rank of Spelunker.
 You attained the rank of Speleologist.

 The Dungeons of Doom: levels 1 to 29
    Level 1:
       Some fountains.
    Level 2:
       Stairs down to The Gnomish Mines.
    Level 3:
       An altar to Camaxtli.
    Level 4:
       A general store, a fountain, a sink.
    Level 5:
       A grave.
    Level 6:
       Some fountains.
    Level 7:
       A general store.
    Level 8:
       Some fountains, a sink.
    Level 9:
       Many fountains.
    Level 10:
       A fountain, a sink.
       Stairs up to Sokoban, level 9.
    Level 11:
       Some fountains, a sink.
    Level 12:
    Level 13:
       A fountain.
    Level 14:
       A grave.
       Final resting place for
          ThermoNuclear-Wiz-Elf-Fem-Cha, killed by a baluchitherium.
    Level 15:
       A scroll shop, an altar.
    Level 16:
       Portal to The Quest.
    Level 17:
       A grave.
    Level 18:
       A primitive area.
    Level 19:
       A general store.
    Level 20:
    Level 21:
       An armor shop.
    Level 22:
       A temple and an altar, a sink.
    Level 23:
       A general store.
    Level 24:
       A temple and an altar, a fountain, a grave.
    Level 25:
       A temple and an altar.
    Level 26:
       A fountain.
    Level 27:
       A sink.
    Level 28:
       Some fountains, many trees.
    Level 29:
       A throne.
       The castle.
       Connection to Gehennom.
 Gehennom: levels 30 to 37
    Level 30:
       A temple and an altar, many graves.
       Valley of the Dead.
    Level 31:
    Level 32:
    Level 33:
    Level 34:
    Level 36:
    Level 37: <- You were here.
       Final resting place for
          you, killed by an elf-lady.
 The Gnomish Mines: levels 3 to 10
    Level 3:
    Level 4:
    Level 5:
    Level 6:
       An altar, some fountains.
    Level 7:
    Level 8:
    Level 9:
    Level 10:
 The Quest: levels 1 to 6
    Level 1:
       A throne.
       Completed quest for Lord Carnarvon.
    Level 2:
    Level 3:
       Many temples and many altars.
    Level 4:
    Level 5:
    Level 6:
       A temple and an altar.
 Sokoban: levels 9 up to 6
    Level 6:
       Solved.
    Level 7:
       Solved.
    Level 8:
       Solved.
    Level 9:
       Solved.


Vanquished creatures:
 an arch-lich
    Medusa
  2 iron golems
  4 master liches
  a ki-rin
  a storm giant
  a titan
  4 glass golems
  2 balrogs
the Minion of Huhetotl
  a purple worm
  2 gold dragons
  2 silver dragons
  4 red dragons
  a white dragon
  4 black dragons
  2 blue dragons
  a green dragon
  4 yellow dragons
  7 minotaurs
  5 jabberwocks
  3 baluchitheria
  3 demiliches
  3 stone golems
  3 master mind flayers
 11 Olog-hai
  3 Nazgul
  3 pit fiends
  2 sandestins
  3 hell hounds
  3 displacer beasts
  3 titanotheres
  4 trappers
  2 baby red dragons
  a baby white dragon
  2 baby yellow dragons
  3 guardian nagas
  a genetic engineer
  4 disenchanters
 13 vampire leaders
  2 skeletons
  4 captains
  4 liches
  2 clay golems
  a nurse
  5 ice devils
  6 lurkers above
  5 Aleaxes
 13 frost giants
  8 ettins
  2 golden nagas
  4 black puddings
 11 vampires
  5 lieutenants
 23 ghosts
  a queen bee
  5 winged gargoyles
  5 mind flayers
  4 giant mimics
  7 long worms
  3 zruties
  4 fire giants
  8 ogre tyrants
  5 ice trolls
  4 rock trolls
  7 umber hulks
  6 flesh golems
  7 elven monarchs
  4 bone devils
 10 large mimics
  3 fire vortices
  7 couatls
 12 stalkers
 an air elemental
  5 fire elementals
  2 earth elementals
  2 hill giants
  a giant mummy
  8 black nagas
  5 xorns
 11 giant zombies
  4 elf-nobles
  4 sergeants
  3 water demons
  7 barbed devils
  2 vrocks
  2 salamanders
 10 wargs
  3 winter wolves
 26 small mimics
  a glass piercer
  2 steam vortices
 10 xans
  9 ettin mummies
  4 ogre leaders
  6 quantum mechanics
  3 trolls
  a sasquatch
  a wood golem
  2 mariliths
  4 sharks
  6 gelatinous cubes
  5 pyrolisks
  2 large dogs
  4 freezing spheres
  5 flaming spheres
  4 shocking spheres
  2 tigers
  3 gargoyles
  2 dwarf rulers
 11 tengu
  5 ochre jellies
  6 leocrottas
 an energy vortex
  a mountain centaur
  6 elf mummies
 26 human mummies
  7 red nagas
  2 green slimes
 24 pythons
 17 pit vipers
 13 cobras
 33 wraiths
  5 carnivorous apes
  8 ettin zombies
  3 leather golems
 17 Grey-elves
 44 soldiers
  3 horned devils
 10 chameleons
  7 crocodiles
  7 giant beetles
  2 quivering blobs
 11 cockatrices
 13 wolves
  7 winter wolf cubs
  a lynx
  2 panthers
 57 gremlins
  3 spotted jellies
  7 leprechauns
 10 orc-captains
  6 iron piercers
  a mumak
 18 giant spiders
  6 scorpions
  3 horses
 an ice vortex
  a baby long worm
  7 black lights
  8 vampire bats
  6 forest centaurs
  2 gnome rulers
  6 orc mummies
  4 dwarf mummies
  6 ogres
  8 brown puddings
  4 rust monsters
 10 owlbears
  5 yetis
  4 gold golems
  a werewolf
 16 Green-elves
  6 giant eels
 23 lizards
  5 chickatrices
  2 dogs
  2 housecats
  7 jaguars
  8 dwarf leaders
  5 blue jellies
  4 white unicorns
  3 black unicorns
  7 dust vortices
  8 ravens
  2 plains centaurs
  3 gnome mummies
 40 snakes
 11 water moccasins
  7 apes
 17 human zombies
  3 rope golems
 18 Woodland-elves
  7 soldier ants
 18 fire ants
  3 bugbears
  5 imps
  2 lemures
  5 quasits
  3 wood nymphs
  3 water nymphs
  6 mountain nymphs
 18 Mordor orcs
 29 Uruk-hai
  6 orc shamans
  7 rock piercers
  8 rock moles
  4 ponies
  7 fog clouds
 10 yellow lights
  a shrieker
  6 violet fungi
 19 gnome leaders
  7 gnomish wizards
 10 kobold mummies
  2 black naga hatchlings
  5 gray oozes
  2 barrow wights
 19 elf zombies
 13 ghouls
  3 straw golems
  a paper golem
  a jellyfish
 12 giant ants
  2 little dogs
 14 floating eyes
  5 kittens
 24 dwarves
  5 homunculi
  4 kobold leaders
  3 kobold shamans
 78 hill orcs
 22 rothes
  3 rabid rats
  3 centipedes
  5 giant bats
  3 monkeys
 11 orc zombies
 12 dwarf zombies
  4 wererats
  2 werejackals
 15 iguanas
 55 killer bees
  4 acid blobs
  8 coyotes
  4 gas spores
  8 hobbits
 19 manes
  2 large kobolds
 11 hobgoblins
 an orc
  6 giant rats
 10 cave spiders
  5 brown molds
  9 yellow molds
  2 green molds
  3 red molds
 65 gnomes
 20 garter snakes
 10 gnome zombies
 12 geckos
 16 jackals
  3 foxes
  a kobold
  5 goblins
  9 sewer rats
 23 grid bugs
 13 lichens
 14 kobold zombies
 12 newts
1970 creatures vanquished.

No species were genocided or became extinct.

Game over:
                       ----------
                      /          \
                     /    REST    \
                    /      IN      \
                   /     PEACE      \
                  /                  \
                  |  LDaviesPeters   |
                  |     7704 Au      |
                  |   killed by an   |
                  |     elf-lady     |
                  |                  |
                  |                  |
                  |       2026       |
                 *|     *  *  *      | *
        _________)/\\_//(\/(/\)/\//\/|_)_______

Goodbye LDaviesPeters the Archeologist...

You died in Gehennom on dungeon level 37 with 868482 points,
and 7704 pieces of gold, after 61675 moves.
You were level 24 with a maximum of 249 hit points when you died.

